 Dungeon Sprint DCSS version 0.23-a0-180-ga5275e7 (webtiles) character file.

253 Fang the Fighter (level 6, 0/46 HPs)
             Began as a Gargoyle Berserker on Sept 18, 2018.
             Was a Follower of Trog.
             Slain by a tarantella (2 damage)
             ... in the Dungeon (Sprint V: "Ziggurat Sprint").
             The game lasted 00:00:37 (98 turns).

Fang the Fighter (Gargoyle Berserker)                 Turns: 98, Time: 00:00:38

Health: 0/46       AC: 23    Str: 34    XL:     6   Next: 14%
Magic:  6/6        EV: 10    Int:  8    God:    Trog [*.....]
Gold:   0          SH:  0    Dex:  9    Spells: 5/5 levels left

rFire    . . .     SeeInvis .   k - +5 executioner's axe
rCold    . . .     Gourm    .   (shield currently unavailable)
rNeg     + . .     Faith    .   j - +5 shadow dragon scales
rPois    ∞         Spirit   .   (no helmet)
rElec    +         Reflect  .   (no cloak)
rCorr    .         Harm     .   (no gloves)
MR       .....     NoTele   +   a - +1 pair of boots {Fly}
Stlth    ++........             (no amulet)
HPRegen  0.15/turn              D - +6 ring of strength
MPRegen  0.10/turn              E - +6 ring of strength

@: confused, berserk cooldown, flying, slowed, very slow
A: negative energy resistance 1, electricity resistance, unbreathing,
petrification resistance, rot immunity, AC +4
a: Berserk, Renounce Religion, Stop Flying


You were in the Dungeon.
You worshipped Trog.
Trog was aware of your devotion.
You were not hungry.

You visited 1 branch

Inventory:

Hand Weapons
 k - a +5 executioner's axe (weapon)
Armour
 a - a +1 pair of boots of flying (worn)
 j - +5 shadow dragon scales (worn)
Jewellery
 D - a +6 ring of strength (left hand)
 E - a +6 ring of strength (right hand)
Wands
 w - a wand of disintegration (7)
 x - a wand of iceblast (7)
 y - a wand of acid (7)
Scrolls
 i - 4 scrolls of blinking
 l - 7 scrolls of fog
 m - a scroll of holy word
 n - 5 scrolls of identify
 o - 5 scrolls of remove curse
 p - 2 scrolls of fear
Potions
 d - 10 potions of curing
 e - 10 potions of heal wounds
 f - 6 potions of haste
 g - 7 potions of magic
 h - 3 potions of berserk rage
 q - 2 potions of brilliance
 r - 2 potions of invisibility
 s - 4 potions of resistance
 t - a potion of experience
 u - 5 potions of agility
 v - 5 potions of might
Comestibles
 c - 7 rations


   Skills:
 + Level 9.0 Fighting
 + Level 7.7 Axes
 + Level 4.8 Armour
 + Level 3.5 Dodging


You had 5 spell levels left.
You didn't know any spells.
Your spell library was empty.

Dungeon Overview and Level Annotations

Branches:
Dungeon (1/1)

Altars:
Ashenzari
Cheibriados
Dithmenos
Elyvilon
Fedhas
Gozag
Hepliaklqana
Kikubaaqudgha
Makhleb
Nemelex Xobeh
Okawaru
Qazlal
Ru
Sif Muna
Trog
Uskayaw
Vehumet
Wu Jian
Xom
Yredelemnul
Zin
The Shining One
Beogh
Jiyva
Lugonu

Annotations:
D 1 transporter


Innate Abilities, Weirdness & Mutations

You are resistant to torment.
Your stone body is resilient. (AC +4)
You are immune to poison.
You resist negative energy. (rN+)
You are resistant to electric shocks. (rElec)
You can survive without breathing.
You are immune to petrification.
You are immune to rotting.


Message History

The jumping spider closely misses you.
The tarantella bites you but does no damage.
The scorpion stings you but does no damage.
The jumping spider pounces on you.
* * * LOW HITPOINT WARNING * * *
The jumping spider bites you but does no damage.
The tarantella bites you but does no damage.
Unknown command.
The jumping spider misses you. The jumping spider closely misses you.
The jumping spider pounces on you but does no damage.
The jumping spider bites you but does no damage.
The tarantella bites you but does no damage.
You slash the jumping spider!
The jumping spider is heavily wounded.
You miss the tarantella. The jumping spider pounces on you.
* * * LOW HITPOINT WARNING * * *
The jumping spider bites you.
* * * LOW HITPOINT WARNING * * *
The tarantella bites you.
You die...

▓▓▓▓▓▓▓▓▓▓▓▓▓
▓.8©8.▓.8©8.▓
▓.)%:.▓.....▓
▓.....▓.[...▓
▓.....▓.....▓
▓.s...▓.....▓
▓.ss..▓..©..▓
▓.@©..▓▓▓▓▓▓▓
▓▓▓▓▓▓▓


You could see a jumping spider, a tarantella and a scorpion.

Vanquished Creatures
  A jumping spider (D)
  A scorpion (D)
2 creatures vanquished.

Notes
Turn   | Place    | Note
-------+----------+-------------------------------------------
     0 | D        | Found the +6 Majin-Bo {vamp, Archmagi MP+6 Int+6}
     0 | D        | Found the +7 great mace "Firestarter" {inner flame, rF++}
     0 | D        | Fang the Gargoyle Berserker began the quest for the Orb.
     0 | D        | Reached XP level 1. HP: 14/14 MP: 1/1
     3 | D        | Found a blossoming altar of Fedhas.
     4 | D        | Found a viscous altar of Jiyva.
     4 | D        | Found a hazy altar of Hepliaklqana.
     4 | D        | Found a transporter.
     4 | D        | Found an opulent altar of Gozag.
     4 | D        | Found an ancient bone altar of Kikubaaqudgha.
     4 | D        | Found a corrupted altar of Lugonu.
     8 | D        | Found a burning altar of Makhleb.
     9 | D        | Found a sacrificial altar of Ru.
     9 | D        | Found a stormy altar of Qazlal.
     9 | D        | Found a deep blue altar of Sif Muna.
     9 | D        | Found an iron altar of Okawaru.
     9 | D        | Found a bloodstained altar of Trog.
     9 | D        | Found a sparkling altar of Nemelex Xobeh.
    70 | D        | Entered arena 2.
    70 | D        | Noticed a scorpion
    70 | D        | Noticed a jumping spider
    70 | D        | Found a transporter.
    73 | D        | Killed a scorpion
    73 | D        | Reached skill level 5 in Fighting
    73 | D        | Reached XP level 2. HP: 22/22 MP: 2/2
    73 | D        | Reached XP level 3. HP: 27/27 MP: 3/3
    79 | D        | Killed a jumping spider
    79 | D        | Reached skill level 9 in Fighting
    79 | D        | Reached XP level 4. HP: 36/36 MP: 4/4
    79 | D        | Reached XP level 5. HP: 41/41 MP: 5/5
    79 | D        | Reached XP level 6. HP: 46/46 MP: 6/6
    92 | D        | Entered arena 3.
    92 | D        | Noticed a jumping spider
    92 | D        | Noticed a tarantella
    92 | D        | Found a transporter.
    98 | D        | HP: 2/46 [jumping spider (4)]
    98 | D        | Slain by a tarantella

Vault maps used:
D:        sprint_v

Skill      XL: |  1  2  3 |
---------------+----------+-----
Fighting       | 5 9 |  9.0
Axes           | 4 7 |  7.7
Armour         | 3 4 |  4.8
Dodging        | 2 3 |  3.5

Action                   |  1- 3 |  4- 6 || total
-------------------------+-------+-------++-------
Melee: Executioner's axe |     3 |     2 ||     5
Invok: Berserk           |     1 |       ||     1
Armor: Shadow dragon sca |     4 |    16 ||    20
Dodge: Dodged            |     1 |     6 ||     7

Table legend:
 A = Non-vault XP
 B = Vault XP
 C = Vault XP percentage of total XP
 D = Non-vault monster count
 E = Vault monster count
 F = Vault count percentage of total count
                 A         B        C        D         E       F
            +---------+---------+-------+---------+---------+-------
      Total |       0 |     362 | 100.0 |       0 |       2 | 100.0
            +---------+---------+-------+---------+---------+-------
          D |       0 |     362 | 100.0 |       0 |       2 | 100.0
            +---------+---------+-------+---------+---------+-------
